 Dungeon Crawl Stone Soup version 0.31-a0-222-gefeffbb62a (webtiles) character file.

Game seed: 14784897493659367010

701 innerfire43 the Chopper (level 7, 0/56 HPs)
             Began as a Demonspawn Monk on July 5, 2023.
             Was a Believer of Uskayaw.
             Slain by Prince Ribbit (12 damage)
             ... on level 6 of the Dungeon.
             The game lasted 00:04:30 (4952 turns).

innerfire43 the Chopper (Demonspawn Monk)           Turns: 4952, Time: 00:04:30

Health: 0/56       AC:  7    Str: 14    XL:     7   Next: 38%
Magic:  7/7        EV: 14    Int: 11    God:    Uskayaw [**....]
Gold:   414        SH:  0    Dex: 15    Spells: 6/6 levels left

rFire   . . .        a - +0 hand axe
rCold   . . .        d - orb {light}
rNeg    . . .        y - +1 robe "Lucenadgh" {rPois Slay+6}
rPois   +            B - +2 hat
rElec   .            (no cloak)
rCorr   .            (no gloves)
SInv    .            (no boots)
Will    .....        z - amulet of the acrobat
Stlth   +            (no ring)
HPRegen 0.29/turn    (no ring)
MPRegen 0.10/turn

%: acrobat
@: glowing
A: icy blue scales 1, foul stench 2
a: Renounce Religion, Stomp, Line Pass


You were on level 6 of the Dungeon.
You worshipped Uskayaw.
Uskayaw was noncommittal.
You visited 1 branch of the dungeon, and saw 6 of its levels.
You also visited: Sewer.

You collected 414 gold pieces.

Inventory:

Hand Weapons
 a - a +0 hand axe (weapon)
Armour
 b - a +0 robe
 d - an orb of light (worn)
 j - +0 steam dragon scales
 s - a +1 hat
 y - the +1 robe "Lucenadgh" (worn) {rPois Slay+6}
   (You found it on level 3 of the Dungeon)

   Slay:      It affects your accuracy & damage with ranged weapons and melee
   (+6).
   rPois:     It protects you from poison.
 B - a +2 hat (worn)
Jewellery
 z - an amulet of the acrobat (around neck)
Wands
 C - a wand of polymorph (12)
Scrolls
 g - a scroll of silence {unknown}
 h - a scroll of enchant weapon {unknown}
 i - 2 scrolls of fear {unknown}
 k - a scroll of poison {unknown}
 l - a scroll of torment {unknown}
 n - 5 scrolls of immolation {unknown}
 o - 4 scrolls of teleportation {unknown}
 p - a scroll of blinking {unknown}
 q - 3 scrolls of identify {unknown}
 r - a scroll of acquirement {unknown}
 t - a scroll of noise {unknown}
 v - a scroll of vulnerability {unknown}
 x - 2 scrolls of revelation {unknown}
 A - a scroll of fog {unknown}
Potions
 c - 5 potions of curing
 e - 2 potions of lignification
 f - a potion of degeneration {unknown}
 m - a potion of mutation {unknown}
 u - 2 potions of heal wounds {unknown}
 w - 2 potions of enlightenment


   Skills:
 + Level 5.0 Fighting
 * Level 5.9 Axes
 + Level 4.5 Dodging


You had 6 spell levels left.
You didn't know any spells.
Your spell library contained the following spells:

 Spells                   Type           Power      Damage    Failure   Level
 Sandblast                Erth           0%         2d4       34%         1
 Slow                     Hex            0%         N/A       34%         1
 Passwall                 Tmut/Erth      0%         N/A       47%         2
 Confusing Touch          Hex            0%         N/A       71%         3
 Gell's Gravitas          Tloc           0%         N/A       71%         3
 Stone Arrow              Conj/Erth      0%         3d7       71%         3
 Teleport Other           Tloc           0%         N/A       71%         3
 Vampiric Draining        Necr           0%         2d6       71%         3
 Olgreb's Toxic Radiance  Pois           0%         N/A       98%         4
 Dispersal                Tloc           0%         N/A       100%        6
 Discord                  Hex            0%         N/A       100%        8
 Ignition                 Fire           0%         3d3       100%        8


Dungeon Overview and Level Annotations

Branches:
Dungeon (6/15)              Sewer (visited)
 Temple: D:4-7

Altars:
Ashenzari
Dithmenos
Makhleb
Uskayaw
Xom

Annotations:
D:6 Prince Ribbit


Innate Abilities, Weirdness & Mutations

You are partially covered in icy blue scales. (AC +2)
You sometimes emit foul miasma when damaged in melee.


Message History

Found 10 gold pieces.
There is a stone staircase leading up here.
Prince Ribbit comes into view.
Prince Ribbit gives a loud, deep croak!
Prince Ribbit blinks! x2
Prince Ribbit is nearby!
You hit Prince Ribbit.
Prince Ribbit is lightly wounded.
Prince Ribbit barely misses you.
Prince Ribbit is nearby!
You barely miss Prince Ribbit.
Prince Ribbit is lightly wounded.
Prince Ribbit barely misses you. Prince Ribbit hits you!
You hit Prince Ribbit.
Prince Ribbit is lightly wounded.
Prince Ribbit hits you!
Prince Ribbit is nearby!
You hit Prince Ribbit.
Prince Ribbit is moderately wounded.
Prince Ribbit blinks!
You can now pass through a line of other dancers.
You barely miss Prince Ribbit.
Prince Ribbit is moderately wounded.
Prince Ribbit hits you! Prince Ribbit misses you.
You hit Prince Ribbit.
Prince Ribbit is moderately wounded.
Prince Ribbit catches a mosquito with his tongue.
Prince Ribbit hits you!
You closely miss Prince Ribbit.
Prince Ribbit is moderately wounded.
Prince Ribbit barely misses you. Prince Ribbit hits you!
* * * LOW HITPOINT WARNING * * *
Unknown command.
You closely miss Prince Ribbit.
Prince Ribbit is moderately wounded.
Prince Ribbit blinks!
You hit Prince Ribbit.
Prince Ribbit is moderately wounded.
Prince Ribbit closely misses you. Prince Ribbit hits you!
You die...

### ..# #
###.#
#.#.#.#
#...#.####
#..F..<#
#.$.#@####
###ยง#.#
#.#.#
#.#.#
#.#.#
#...#
#####


You could see Prince Ribbit.

Vanquished Creatures
  An ice beast (D:5)
  A phantom (D:4)
  2 kobold brigands (Sewer)
  A scorpion (D:5)
  A hound (D:5)
  An orc priest (D:4)
  3 iguanas
  An orc wizard (D:4)
  A river rat (Sewer)
  5 adders
  An ufetubus (D:5)
  2 worms
  A dart slug (D:5)
  12 orcs
  8 ball pythons
  7 bats
  5 endoplasms
  3 giant cockroaches
  3 goblins (D:1)
  6 hobgoblins
  5 jackals
  4 quokkas
  5 frilled lizards
  18 kobolds
  11 rats
108 creatures vanquished.

Notes
Turn   | Place    | Note
-------+----------+-------------------------------------------
     0 | D:1      | innerfire43 the Demonspawn Monk began the quest for the
                  | Orb.
     0 | D:1      | Reached XP level 1. HP: 18/18 MP: 1/1
   147 | D:1      | Gained mutation: You may rarely emit foul miasma when
                  | damaged in melee. [demonic ancestry]
   147 | D:1      | Reached XP level 2. HP: 24/24 MP: 2/2
   581 | D:1      | Reached XP level 3. HP: 18/25 MP: 3/3
  1319 | D:2      | Reached XP level 4. HP: 35/35 MP: 4/4
  2107 | D:3      | Found a shadowy altar of Dithmenos.
  2236 | D:3      | Identified the +1 robe "Lucenadgh" {rPois Slay+6}
  2266 | D:3      | Found a glowing drain.
  2286 | Sewer    | Entered a sewer
  2394 | Sewer    | Noticed a kobold brigand
  2395 | Sewer    | Noticed a kobold brigand
  2422 | Sewer    | Killed a kobold brigand
  2423 | Sewer    | Reached XP level 5. HP: 42/42 MP: 5/5
  2650 | D:3      | Found a hide-covered altar of Uskayaw.
  2855 | D:3      | Became a worshipper of Uskayaw the Reveller
  2855 | D:3      | Reached * piety under Uskayaw
  2985 | D:4      | Reached ** piety under Uskayaw
  3079 | D:4      | Gained mutation: You sometimes emit foul miasma when
                  | damaged in melee. [demonic ancestry]
  3079 | D:4      | Reached XP level 6. HP: 48/48 MP: 6/6
  3112 | D:4      | Reached *** piety under Uskayaw
  3339 | D:4      | Reached skill level 5 in Axes
  3535 | D:4      | Found a broken altar of Ashenzari.
  3538 | D:4      | Found a shimmering altar of Xom.
  3921 | D:4      | Found a burning altar of Makhleb.
  4085 | D:5      | Entered Level 5 of the Dungeon
  4208 | D:5      | Noticed an ice beast
  4218 | D:5      | Killed an ice beast
  4219 | D:5      | Gained mutation: You are partially covered in icy blue
                  | scales. (AC +2) [demonic ancestry]
  4219 | D:5      | Reached XP level 7. HP: 14/55 MP: 7/7
  4487 | D:5      | Reached skill level 5 in Fighting
  4939 | D:6      | Noticed Prince Ribbit
  4952 | D:6      | Slain by Prince Ribbit

Illustrated notes

Levels and vault maps discovered:
D:1:      tarquinn_simple_flora_water_f, layout_loops_ring,
          shapermc_ecumenical_altar_petra
D:2:      layout_basic, basic_altar, serial_bayou_pond_b,
          chequers_serial_rivers_micro_b, nrook_uturn, minmay_pentomino_pile
D:3:      layout_loops_ring, mainiacjoe_overflow_six_doors_small,
          general_overflow_altar, portal_sewer_entry_f, minmay_hedge_maze,
          st_stairs_5
D:4:      layout_gridville, nicolae_overflow_hidden_temple, chequers_big_river
D:5:      layout_loops_ring
D:6:      layout_basic, amcnicky_altar_gilded, old_standard_altar,
          lemuel_round_altar, minmay_temple_entry_drinking_statues,
          uniq_prince_ribbit1

Skill      XL: |  1  2  3  4  5  6  7 |
---------------+----------------------+-----
Axes           | 3 4 5 |  5.9
Dodging        | 3 4 |  4.5
Fighting       | 4 5 |  5.0

Action                     |  1- 3 |  4- 6 |  7- 9 || total
---------------------------+-------+-------+-------++-------
  Melee: Hand axe          |   108 |   164 |    38 ||   310
    Use: Potion            |       |     2 |       ||     2
 Armour: Robe              |     2 |     8 |     9 ||    19
         Skin              |       |    40 |       ||    40
         Steam dragon scal |       |    29 |       ||    29
  Dodge: Dodged            |    95 |   103 |    23 ||   221

Table legend: (Time is in decaauts)
 A = Elapsed time spent in this place.
 B = Non-inter-level travel time spent in this place.
 C = Inter-level travel time spent in this place.
 D = Time resting spent in this place.
 E = Time spent auto-exploring this place.
 F = Levels seen in this place.
 G = Mean time per level.
                   A        B        C        D        E       F      G
               +--------+--------+--------+--------+--------+-----+--------+
         Total |   5041 |   4676 |    365 |      0 |   3867 |   7 |  720.1 |
       Dungeon |   4668 |   4303 |    365 |      0 |   3672 |   6 |  778.0 |
         Sewer |    372 |    372 |      0 |      0 |    195 |   1 |  372.0 |
               +--------+--------+--------+--------+--------+-----+--------+

Top non-repeatable levels by time:
     D:4: 1157 daAuts
     D:3: 914 daAuts
     D:1: 906 daAuts
     D:5: 851 daAuts
     D:2: 822 daAuts
   Sewer: 372 daAuts
     D:6: 16 daAuts
